Map: Chantier naval orbital

Players

VitalEntity

  • Race: Protoss Protoss
  • Spawn Location: 7:00

zidar - Winner!

  • Race: Zerg Zerg
  • Spawn Location: 1:00

VOD

Have the link to the VOD?

Description

Time

  • Played on: Nov. 13, 2015, 10:41 a.m.
  • Length: 7:14
Show
View Real Time Build Order
Export as new Build Order

VitalEntity Protoss 

Build Orders:  

Get SALT Encoding   

  12  0:36  Assimilator  
  12  0:43  Pylon  
  12  0:45  Pylon  
  12  0:49  Pylon  
  12  0:53  Probe (Chrono Boost)  
  13  1:03  Probe (Chrono Boost)  
  14  1:14  Probe (Chrono Boost)  
  14  1:16  Gateway  
  15  1:24  Probe (Chrono Boost)  
  16  1:27  Gateway  
  16  2:07  Cybernetics Core  
  16  3:07  Stalker  
  18  3:37  Stalker  
  18  3:38  Assimilator  
  20  4:07  Stalker  
  22  4:22  Adept  
  24  4:37  Stalker  
  26  4:46  Forge  
  26  4:49  Adept  
  28  5:07  Stalker (Chrono Boost)  
  30  5:19  Adept (Chrono Boost)  
  34  5:36  Stalker (Chrono Boost)  
  34  5:47  Adept (Chrono Boost)  
  2  6:25  Probe  
Show
View Real Time Build Order
Export as new Build Order

zidar Zerg - Winner!

Build Orders: Hatch First 

Get SALT Encoding   

  12  0:02  Drone  
  13  0:12  Overlord  
  13  0:17  Drone  
  14  0:30  Drone x2  
  16  0:51  Hatchery  
  15  1:04  Spawning Pool  
  15  1:08  Drone  
  15  1:16  Drone x2  
  17  1:20  Drone  
  18  1:26  Extractor  
  18  1:31  Drone  
  18  1:45  Overlord  
  18  1:57  Drone  
  18  1:59  Queen  
  21  2:28  Drone x6  
  27  2:32  Queen  
  29  2:37  Queen  
  31  2:47  Metabolic Boost  
  31  2:55  Extractor  
  30  3:27  Zergling x2  
  30  3:28  Zergling x10  
  30  3:31  Overlord  
  30  3:32  Overlord  
  35  4:13  Drone x9  
  44  4:25  Roach Warren  
  43  4:39  Zergling x2  
  43  4:41  Zergling x12  
  50  5:06  Roach  
  52  5:22  Overlord  
  52  5:23  Overlord  
  48  5:53  Zergling x20  
  55  6:22  Roach  
  55  6:23  Roach x5  
Tags
 
Add a new tag
Caveats
  • Supply blocks, unpowered buildings, or Contaminate may cause inaccurate times.
  • Supply counts are checked every 10 seconds.